 Dungeon Crawl Stone Soup version 0.30.1-3-gfc49f6343a (webtiles) character file.

Game seed: 10521544256268938918

50 Pepete the Magician (level 3, -2/24 HPs)
             Began as a Demonspawn Fire Elementalist on July 20, 2023.
             Slain by a hound (4 damage)
             ... on level 3 of the Dungeon.
             The game lasted 00:03:11 (4747 turns).

Pepete the Magician (Demonspawn Fire Elementalist)  Turns: 4747, Time: 00:03:12

Health: -2/24      AC:  3    Str:  8    XL:     3   Next: 55%
Magic:  4/8        EV: 12    Int: 18    God:
Gold:   105        SH:  0    Dex: 13    Spells: 6/9 levels left

rFire   . . .        (no weapon)
rCold   . . .        (no shield)
rNeg    . . .        a - +0 robe
rPois   .            (no helmet)
rElec   .            (no cloak)
rCorr   +            m - +0 pair of gloves
SInv    .            (no boots)
Will    .....        (no amulet)
Stlth   ++           c - ring of resist corrosion
HPRegen 0.24/turn    (no ring)
MPRegen 0.11/turn

%: no passive effects
@: mighty, very slightly contaminated
A: sturdy frame 1, weakness stinger 1
a: no special abilities


You were on level 3 of the Dungeon.
You visited 1 branch of the dungeon, and saw 3 of its levels.

You collected 105 gold pieces.

Inventory:

Hand Weapons
 h - a +0 whip
Armour
 a - a +0 robe (worn)
 m - a +0 pair of gloves (worn)
Jewellery
 c - a ring of resist corrosion (left hand)
Scrolls
 g - 2 scrolls of identify {unknown}
 i - a scroll of amnesia {unknown}
 j - a scroll of brand weapon {unknown}
 l - 2 scrolls of torment {unknown}
 n - a scroll of fear {unknown}
 o - a scroll of poison {unknown}
Potions
 b - 2 potions of magic
 e - a potion of brilliance {unknown}
 f - a potion of curing {unknown}
 k - a potion of heal wounds {unknown}


   Skills:
 - Level 1.7 Dodging
 - Level 1.7 Stealth
 * Level 3.7 Spellcasting
 - Level 1.0 Conjurations
 - Level 2.6 Fire Magic


You had 6 spell levels left.
You knew the following spells:

 Your Spells              Type           Power      Damage    Failure   Level
a - Foxfire               Conj/Fire      40%        2x1d6     7%          1
b - Scorch                Fire           26%        2d6       8%          2

Your spell library contained the following spells:

 Spells                   Type           Power      Damage    Failure   Level
 Inner Flame              Hex/Fire       8%         N/A       26%         3
 Volatile Blastmotes      Fire/Tloc      16%        2d11      26%         3
 Flame Wave               Conj/Fire      10%        2d6       56%         4


Dungeon Overview and Level Annotations

Branches:
Dungeon (3/15)

Altars:


Innate Abilities, Weirdness & Mutations

Your movements are slightly less encumbered by armour. (ER -2)
You have a small tail.


Message History

You conjure some foxfire!
The foxfire hits the hound.
The hound is lightly wounded.
The foxfire hits the gnoll.
The gnoll is lightly wounded.
You conjure some foxfire!
A gnoll comes into view. It is wielding a +4 flail.
A gnoll comes into view. It is wielding a +0 spear.
The foxfire hits the hound.
The hound is lightly wounded.
The foxfire hits the hound.
The hound is moderately wounded.
You conjure some foxfire!
The foxfire hits the hound.
The hound is moderately wounded.
The foxfire hits the hound.
The hound is heavily wounded.
The hound closely misses you. The hound barely misses you.
The hound misses you.
A gnoll comes into view. It is wielding a +2 heavy flail.
You conjure some foxfire!
The hound bites you. x2
The gnoll completely misses you.
The foxfire hits the hound.
The hound is heavily wounded.
The foxfire hits the gnoll.
The gnoll is heavily wounded.
The hound closely misses you. The gnoll barely misses you.
The gnoll misses you.
You miscast Foxfire.
You are very lightly contaminated with residual magic.
Nothing appears to happen.
The hound misses you.
The gnoll hits you from afar with a +0 spear!
The gnoll hits you with a +4 flail.
A giant cockroach comes into view.
The hound closely misses you. The gnoll hits you with a +0 club.
* * * LOW HITPOINT WARNING * * *
It was a potion of might.
You feel very mighty all of a sudden. The hound bites you.
You die...

#.....B....
####.........
#...........
#..........
#.......g. .
........g ..#
#.....gg##...##
#..@h......
#...##..###
##### #


You could see a hound, 4 gnolls and a giant cockroach (wandering).

Vanquished Creatures
  An adder (D:2)
  A worm (D:2)
  4 bats
  4 endoplasms
  3 giant cockroaches (D:1)
  3 goblins
  5 hobgoblins
  2 jackals (D:1)
  A quokka (D:2)
  3 ball pythons (D:1)
  A frilled lizard (D:2)
  3 kobolds
  2 rats (D:1)
33 creatures vanquished.

Vanquished Creatures (others)
  146 foxfires
146 creatures vanquished.

Grand Total: 179 creatures vanquished

Notes
Turn   | Place    | Note
-------+----------+-------------------------------------------
     0 | D:1      | Pepete the Demonspawn Fire Elementalist began the quest for
                  | the Orb.
     0 | D:1      | Reached XP level 1. HP: 13/13 MP: 3/3
   555 | D:1      | Gained mutation: You have a small tail. [demonic ancestry]
   555 | D:1      | Reached XP level 2. HP: 19/19 MP: 3/5
  1231 | D:1      | Reached skill level 3 in Spellcasting
  2834 | D:2      | Gained mutation: Your movements are slightly less
                  | encumbered by armour. (ER -2) [demonic ancestry]
  2834 | D:2      | Reached XP level 3. HP: 14/24 MP: 3/7
  3456 | D:2      | Learned a level 2 spell: Scorch
  4747 | D:3      | Slain by a hound

Illustrated notes

Levels and vault maps discovered:
D:1:      lightli_arrival_lavapool, layout_rooms
D:2:      layout_rooms
D:3:      layout_loops_ring, gammafunk_ghost_arena

Skill      XL: |  1  2 |
---------------+-------+-----
Spellcasting   | 3 |  3.7
Dodging        | |  1.7
Stealth        | |  1.7
Conjurations   | |  1.0
Fire Magic     | |  2.6

Action                     || total
---------------------------++-------
   Cast: Foxfire           ||    88
         Scorch            ||     2
    Use: Potion            ||     1
 Armour: Robe              ||     4
  Dodge: Dodged            ||    42
